Cogmind - Beta 14 @@@ ROGUE MODE // 2024.11.05 @ 03:08:19 Player: laeb2 Result: Destroyed by 23-G9U(R) with Subdweller Machine Gun Performance ------------- Evolutions (0) 0 Regions Visited (2) 400 Robots Destroyed (23) 115 Value Destroyed (746) 746 Prototype IDs (11) 220 Alien Tech Used (0) 0 Bonus (0) 0 TOTAL SCORE: 1481 Bonus ------- None Cogmind --------- Core Integrity 0/250 Matter 237/300 Energy 100/100 System Corruption 0% Temperature Cool (0) Movement Treading (240) Ox1 Location -10/Subcaves Parts ------- > --- POWER (1) -------- (None) > --- PROPULSION (2) --- Light Treads Aluminum Leg > --- UTILITY (2) ------ Large Storage Unit Makeshift Light Armor Plating > --- WEAPON (2) ------- Light Assault Rifle Light Assault Rifle > --- INVENTORY (15) --- Ion Engine Ion Engine Subdweller Power Source Light Nuclear Core Aluminum Leg Aluminum Leg Aluminum Leg Medium Storage Unit Scrap Shield Medium Laser Medium Laser Light Assault Rifle Grenade Launcher Piercing Trap Peak State ------------ > --- POWER ------------ Improved Ion Engine > --- PROPULSION ------- Light Treads Light Treads > --- UTILITY ---------- Large Storage Unit Gun Armor > --- WEAPON ----------- Riot Gun Medium Laser Medium Laser Subdweller Laser > --- INVENTORY -------- Ion Engine Ion Engine Light Nuclear Core Light Treads Aluminum Leg Aluminum Leg Aluminum Leg Aluminum Leg Medium Storage Unit Medium Laser Light Assault Rifle Light Assault Rifle Light Assault Rifle Grenade Launcher Piercing Trap [Rating: 22] Favorites ----------- Power Improved Ion Engine Engine Improved Ion Engine Propulsion Light Treads Treads Light Treads Leg Aluminum Leg Utility Large Storage Unit Device Seismic Detector Storage Large Storage Unit Protection Gun Armor Weapon Light Assault Rifle Energy Gun Subdweller Laser Ballistic Gun Light Assault Rifle Launcher Grenade Launcher Build | -11 -10 -10 ------- Run | Yrd Mat Sub Slots Evolved . | . . . Power . | . . . Propulsion . | . . . Utility . | . . . Weapon . | . . . Parts Attached 31 | 7 4 20 Power 3 | 1 1 1 Engine 3 | 1 1 1 Core . | . . . Reactor . | . . . Propulsion 5 | 2 1 2 Treads 4 | 2 1 1 Leg 1 | . . 1 Wheel . | . . . Hover . | . . . Flight . | . . . Utility 6 | 2 1 3 Device 1 | 1 . . Storage 2 | 1 1 . Processor . | . . . Hackware . | . . . Protection 3 | . . 3 Artifact . | . . . Weapon 17 | 2 1 14 Energy Gun 5 | . . 5 Energy Cannon . | . . . Ballistic Gun 8 | 2 1 5 Ballistic Cannon . | . . . Launcher 4 | . . 4 Special Weapon . | . . . Impact Weapon . | . . . Slashing Weapon . | . . . Piercing Weapon . | . . . Special Melee Weapon . | . . . Unidentified Prototypes . | . . . Parts Lost 7 | . 3 4 Power 2 | . 1 1 Propulsion 2 | . . 2 Utility 1 | . 1 . Weapon 2 | . 1 1 Highest Loss Streak 2 | . 2 2 To Critical Strikes 1 | . . 1 Average Slot Usage (%) 93 | . 86 96 Engine 11 | . 13 10 Treads 23 | . 28 22 Leg 1 | . . 2 Storage 12 | . 14 12 Protection 8 | . . 12 Energy Gun 12 | . . 16 Ballistic Gun 18 | . 27 15 Launcher 2 | . . 3 Peak Build Rating 22 | 7 7 22 Average Rating 13 | 5 6 16 On Entrance 4 | . 7 7 Naked Turns . | . . . Heaviest Build 42 | 12 28 42 Greatest Support 40 | 40 40 40 Greatest Overweight (x) 1 | . . 1 Average Overweight (x) . | . . . Largest Inventory Capacity 15 | 8 15 15 Average Capacity 14 | 7 14 15 Most Carried 15 | 5 15 15 Average Carried 13 | 4 11 14 Final Capacity 15 | 8 15 15 Final Carried 15 | 5 15 15 Class Distribution -------------------- 56% | Mutant 43% | Gunner Dominant Class ---------------- Mutant | -10/Materials Gunner | -10/Subcaves Resources | -11 -10 -10 ----------- Run | Yrd Mat Sub Matter Collected 816 | 276 214 326 Remotely . | . . . Salvage Created 933 | 89 374 470 Parts 51 | 7 16 28 Haulers Intercepted . | . . . Recyclers Shooed 1 | . 1 . Parts Field Recycled . | . . . Retrieved Matter . | . . . Parts Self-Destructed 3 | . . 3 Prevented . | . . . Kills | -11 -10 -10 ------- Run | Yrd Mat Sub Combat Hostiles Destroyed 21 | . 11 10 Guns 20 | . 11 9 AOE 1 | . . 1 Classes Destroyed 6 | 2 2 2 Tunneler 1 | 1 . . Recycler 1 | 1 . . Swarmer 3 | . 3 . Grunt 8 | . 8 . Sentry 1 | . . 1 Subdweller 9 | . . 9 Best Kill Streak 2 | 2 2 2 Combat Bots Only 2 | . 2 2 Max Kills in Single Turn 1 | 1 1 1 Gunslinging . | . . . Exploded 1 | . . 1 Melee . | . . . Uniques/NPCs Destroyed . | . . . Combat | -11 -10 -10 -------- Run | Yrd Mat Sub Hostile Shots Fired 106 | . 46 60 Missed 24 | . 11 13 Damage Taken 1552 | . 448 1104 Core 256 | . 49 207 Absorbed by Shields . | . . . Core Remaining (%) 100 | 100 . . Volleys Fired 108 | 8 45 55 Largest 4 | 2 2 4 Hottest 210 | 40 40 210 Shots Fired 239 | 16 89 134 Gun 226 | 16 89 121 Cannon . | . . . Launcher 13 | . . 13 Special . | . . . Kinetic 176 | 16 89 71 Thermal 40 | . . 40 Explosive 13 | . . 13 Electromagnetic 10 | . . 10 Robot Hit Streak 31 | 6 11 31 Robot Miss Streak 3 | 2 3 1 Penetration Max . | . . . Secondary Targets 2 | . 1 1 Max Gunslinging Chain 1 | . 1 1 Shots Hit Robots 171 | 11 58 102 Core Hits 50 | 3 21 26 Critical Kills . | . . . Critical Parts Destroyed . | . . . Critical Strikes 2 | . . 2 Burn 2 | . . 2 Melee Attacks . | . . . Impact . | . . . Slashing . | . . . Piercing . | . . . Sneak Attacks . | . . . Combat Hostiles . | . . . Follow-up Attacks . | . . . Damage Inflicted 1971 | 113 607 1251 Guns 1824 | 113 607 1104 Cannons . | . . . Explosions 147 | . . 147 Melee . | . . . Ramming . | . . . Kinetic 1163 | 113 607 443 Thermal 491 | . . 491 Explosive 147 | . . 147 Electromagnetic 170 | . . 170 Impact . | . . . Slashing . | . . . Piercing . | . . . Highest Corruption . | . . . Average Corruption . | . . . Corruption Purged . | . . . Corruption Blocked . | . . . Overload Shots . | . . . Overflow Damage . | . . . Projectiles . | . . . Explosions . | . . . Melee . | . . . Knockbacks . | . . . Impact . | . . . Kinetic . | . . . Secondary . | . . . Self-Inflicted Damage 18 | . . 18 Shots 2 | . . 2 Rammed . | . . . Targets Rammed . | . . . Kicked . | . . . Crushed . | . . . Highest Temperature 498 | . 22 498 Average Temperature 92 | . 10 132 Received Heat Transfer 468 | . 243 225 Effects 2 | . . 2 Shutdowns 1 | . . 1 Short Circuit 1 | . . 1 Siege Activations . | . . . Robots Corrupted . | . . . Combat Hostiles . | . . . Parts Fried 2 | . . 2 Impact Corruptions . | . . . Robots Melted . | . . . Combat Hostiles . | . . . Parts Melted 1 | . . 1 Heat Transferred 1029 | . . 1029 Parts Sabotaged . | . . . Parts Stolen . | . . . Parts Stripped . | . . . Power Chain Reactions . | . . . Alert | -11 -10 -10 ------- Run | Yrd Mat Sub Peak Influence 174 | 10 174 . Initial 6 | . 6 . Average 66 | 5 78 . Maximum Alert Level . | . . . Low Security (%) 100 | 100 100 . Level 1 . | . . . Level 2 . | . . . Level 3 . | . . . Level 4 . | . . . Level 5 . | . . . High Security . | . . . Max Security . | . . . Squads Dispatched 2 | . 2 . Investigation 2 | . 2 . Extermination . | . . . Reinforcement . | . . . Assault . | . . . Garrison . | . . . Intercept . | . . . Searches Triggered . | . . . Construction Impeded . | . . . Haulers Reinforced . | . . . Active Scanning Responses . | . . . Cargo Convoy Interrupts . | . . . Stealth | -11 -10 -10 --------- Run | Yrd Mat Sub Distress Signals 2 | . 2 . Communications Jammed . | . . . Distress Signals . | . . . Times Spotted 25 | . 13 12 Peak Tracking Total 3 | . 3 2 Tactical Retreats 1 | . 1 . Traps | -11 -10 -10 ------- Run | Yrd Mat Sub Traps Triggered 5 | . 1 4 Indirectly . | . . . Trap Hack Attempts . | . . . Triggered . | . . . Disarmed . | . . . Reprogrammed . | . . . Reused . | . . . Traps Extracted . | . . . Installed . | . . . Triggered . | . . . Most Traps Carried 1 | . . 1 Machines | -11 -10 -10 ---------- Run | Yrd Mat Sub Machines Disabled 2 | . . 2 Max in Single Turn 2 | . . 2 Machines Repaired . | . . . Machines Dismantled . | . . . Machines Sabotaged . | . . . Overloaded Fab Kills . | . . . Hacking | -11 -10 -10 --------- Run | Yrd Mat Sub Machines Accessed 5 | . 3 2 Terminals 3 | . 3 . Fabricators . | . . . Repair Stations . | . . . Recycling Units . | . . . Scanalyzers . | . . . Garrison Access . | . . . Total Hacks 13 | . 8 5 Successful 8 | . 3 5 Failed 5 | . 5 . Catastrophic 2 | . 2 . Database Lockouts . | . . . Manual 7 | . 7 . Terminals 8 | . 8 . Fabricators . | . . . Repair Stations . | . . . Recycling Units . | . . . Scanalyzers . | . . . Garrison Access . | . . . Terminal Hacks 8 | . 3 5 Record 4 | . . 4 Robot Analysis 3 | . 3 . Derelict Proto ID Bank 1 | . . 1 Fabricator Hacks . | . . . Repair Station Hacks . | . . . Recycling Unit Hacks . | . . . Scanalyzer . | . . . Garrison Access Hacks . | . . . Unauthorized Hacks . | . . . Terminals . | . . . Fabricators . | . . . Repair Stations . | . . . Recycling Units . | . . . Scanalyzers . | . . . Garrison Access . | . . . Data Cores Recovered . | . . . Used . | . . . Hacking Detections 3 | . 3 . Full Trace Events 1 | . 1 . Feedback Events . | . . . Feedback Blocked . | . . . Robot Schematics Acquired . | . . . Robots Built . | . . . Authchips . | . . . Time . | . . . Total Robot Build Rating . | . . . Part Schematics Acquired . | . . . Parts Built . | . . . Authchips . | . . . Time . | . . . Total Part Build Rating . | . . . Parts Repaired . | . . . Time . | . . . Parts Recycled . | . . . Recycled Matter . | . . . Retrieved Matter . | . . . Retrieved Components . | . . . Parts Scanalyzed . | . . . Part Schematics Acquired . | . . . Parts Damaged . | . . . Bothacking | -11 -10 -10 ------------ Run | Yrd Mat Sub Used RIF Installer . | . . . Robots Hacked . | . . . Non-combat . | . . . Combat . | . . . Robot Hacks Applied . | . . . Relay Couplers Released . | . . . Fabnet Peak Effective % . | . . . Robots Rewired . | . . . Allies Hacked . | . . . Hacks Repelled . | . . . Allies | -11 -10 -10 -------- Run | Yrd Mat Sub Total Allies . | . . . Largest Group . | . . . Highest-Rated Group . | . . . Highest-Rated Ally . | . . . Total Orders . | . . . Ally Attacks . | . . . Total Damage . | . . . Kills . | . . . Allies Corrupted . | . . . Allies Melted . | . . . Intel | -11 -10 -10 ------- Run | Yrd Mat Sub Robot Analysis Total 3 | . 3 . Derelict Logs Recovered 1 | . . 1 Drone Launches . | . . . Drone Recoveries . | . . . Exploration | -11 -10 -10 ------------- Run | Yrd Mat Sub Turns Passed 2687 | 141 695 1851 Spaces Moved 1145 | 77 251 817 Core 22 | 22 . . Treads 1123 | 55 251 817 Legs . | . . . Wheels . | . . . Hover . | . . . Flight . | . . . Fastest Speed 50 | 50 160 160 Average Speed 170 | 128 160 177 Slowest Speed 240 | 160 160 240 Overloaded Moves . | . . . Propulsion Burnouts . | . . . Robots Hopped . | . . . Cave-ins Triggered . | . . . Exploration Rate (%) 26 | 4 36 40 Regions Visited 2 Branch Regions 1 Pre-discovered Areas 2 | . . 2 Known Exits Taken . | . . . Unknown Exits Taken 2 | 1 1 . Scrap Searched 10 | . . 10 Spaces Dug 10 | . . 10 Terrain Destroyed 69 | . . 69 Melee . | . . . Projectile . | . . . AOE 69 | . . 69 Terrain Rammed . | . . . Walls Destroyed . | . . . Machines Disabled . | . . . Actions | -11 -10 -10 --------- Run | Yrd Mat Sub Total 1683 | 104 467 1112 Wait 362 | 3 151 208 Move 1143 | 76 250 817 Hop . | . . . Pick Up 30 | 10 14 6 Fast Attach 5 | 2 . 3 Attach 11 | 5 2 4 Detach . | . . . Swap 15 | . 2 13 Drop 9 | . 3 6 Fire 108 | 8 45 55 Melee . | . . . Ram . | . . . Kick . | . . . Crush . | . . . Escape Stasis . | . . . Rewire . | . . . Trap . | . . . Miscellaneous . | . . . Route ------- -11/Scrapyard -10/Materials -10/Subcaves History --------- Turn | Location | Event 17 | -11/Scrapyard | Discovered new exit (range 15) 142 | -11/Scrapyard | Entered Materials 312 | -10/Materials | Build established: Mutant 827 | -10/Materials | Discovered new exit (range 5) 837 | -10/Materials | Entered Subcaves 1087 | -10/Subcaves | Visited 4L-MR0's lab 1134 | -10/Subcaves | Found Gun Armor 1135 | -10/Subcaves | Attached Gun Armor, gained temporary slots: Weapon x2 1415 | -10/Subcaves | Learned 2 Materials zone layouts 1420 | -10/Subcaves | Build established: Gunner 1524 | -10/Subcaves | Visited Clippyterm 1528 | -10/Subcaves | Learned location of Deep Caves (-6) 1528 | -10/Subcaves | Learned Factory stockpile data 1645 | -10/Subcaves | Core integrity fell below 50% 1862 | -10/Subcaves | Learned location of Zion (-6) 1862 | -10/Subcaves | Met a Zionite searching for "candidates" 2015 | -10/Subcaves | A swath of the cavern ceiling suddenly collapsed 2112 | -10/Subcaves | Ambushed by Subdwellers from Twisted Machinery 2337 | -10/Subcaves | Core integrity fell below 20% 2599 | -10/Subcaves | Build established: Mutant 2688 | -10/Subcaves | Destroyed by 23-G9U(R) with Subdweller Machine Gun Last Messages --------------- JC-WWV(u) builds Twisted Machinery. LD-53D(R) affixes Scrap Shield Fragment to Scrap Shield. JC-WWV(u) builds Twisted Machinery. LD-53D(R) affixes Scrap Shield Fragment to Scrap Shield. JC-WWV(u) builds Twisted Machinery. LD-53D(R) affixes Scrap Shield Fragment to Scrap Shield. Imp. Ion Engine destroyed. Lgt. Treads destroyed. JC-WWV(u) builds Twisted Machinery. LD-53D(R) destroyed. Acquired 60 matter. Acquired Scrap Shield. Acquired 5 matter. JC-WWV(u) tweaks Twisted Machinery. The unstable cave ceiling collapses. JC-WWV(u) builds Twisted Machinery. Subatomizers dissect the Disposable Heat Sink. Map ----- +----------------------------------------------------+ | ??????????????"" ??##"??## ### #? &" ??? #? | | ???????????????????## ### ## #? ???????? | | ???????????????????# # #?###???????? | | ?????????????????""" #???????????? | | ????????????????? """ #??????????## | | ??????????????????#" # # ## #?????????## | | ??????????????????##?### ## ##?###????## | | ???????????????????????## ?## ### ###### | | ????????????????????????# ## # % | | ???????????????????????## #### ### #### # | | ??????????????????????## #### ### ##??### | | ?????????????????????## #### ## ##????## | | ???????????????#?????# ## ## #####?# | | ???????????????# #???# # ### ## | | ???????????????# ??# ### # # ## | | ???????????????? #?## ?# ######?# | | ??????????????????! #?# ?#### #? ???# # | | ??????????????????? ## ?????## *##? ???#### # | | ???????????????????? ?????## ? #?????## # | | ????????????????????? ?###??# ? ????## # | | ??????????????????????| ## #?? ## ### ????# | | ???????????????????????# ####??##??# ???# | | ???????????????????????? #????????# ???# | | ?????????????????????????# ###??????## ??## | | ????????????????????????##RR #?????## ??# | | ????????????????????????#@ #???### ?## % | | ????????????????????????## #???# " ## " | | ?????????????????????????# ##??# ## | | ?????????????????????????# ###?# #### | | ?????????????????????????# ###### ##?? | | ?????????????????????????# #???# ### | | ?????????????????????????## ##??## " | | ?????????????????????????## ] ##???# " | | ????????????????????????## ##????### ##### | | ???????????????????????## ####???###### ##### | | ???????????????????????# #?###### # " | | ???????????????????????# ### " | | ?????????????###??###### ### # ##" "### | | ?????????????# ## # ###### ##?## | | ?????????????# ### #????## ##???#" | | ?????????? ### #?????###???##" | | ?????????? ## #?# #???????????# "" | | ???????????## ??## #?# ##???????????###" | | ????????????####?????# #### #?????????????## | | ?????????????????????# ##???###????????? | | ?????????????????????# #??? ##???????? | | ?????????????????????# # ######?## #???????? | | ?????????????????????## ###??????# #???????? | | ??????????????????????# ##????##### #???????? | | ??????????????????????# #?????# ## #???????? | +----------------------------------------------------+ Best States ------------- Heat Dissipation 25 Energy Generation 12 Energy Capacity 265 Matter Stores 300 Matter Capacity 300 Sight Range 16 Terrain Scan Density 10 Armor Coverage 150 Evasion (%) 50 Recoil Reduction 2 Item Schematics ----------------- None Robot Schematics ------------------ None Fabricated ------------ Nothing Alien Tech Used ----------------- None Achievements -------------- None Challenges ------------ None Game ------ Seed TractorLatentAutobeam Manual? 0 Play Time 00:16:50 Cumulative 73.8 hours Start 2024.11.05 @ 02:54:10 End 2024.11.05 @ 03:08:19 Sessions 1 Manual Loads 0 Difficulty Rogue Special Mode None Game No. 90 Rogue 90 Adventurer 0 Explorer 0 Win Type - Total 1 Types 1/0/0/0/0/0/0/0/0 Lore% 51 Gallery% 53 Achievement% 50 Wizard Run 0 Options --------- Layout 1 ASCII 0 Keyboard 0 Movement Mouse Keybinds 0 Fullscreen 1 Font 32/SmallcapsGlow Map View 50x35 Zoom Use 0% Tactical HUD 0 Map Filters NONE Filters NONE Steam 1 RUN: c761f566-5995-4bcf-ad06-86eb8fed2487